 Dungeon Crawl Stone Soup version 0.30.1-4-g462c640d31 (webtiles) character file.

Game seed: 1045171494004379238

2501 Ninjinzu the Covered (level 9, -2/103 HPs)
             Began as a Demonspawn Berserker on Sept 9, 2023.
             Was a Priest of Trog.
             Succumbed to a gnoll sergeant's poison
             ... on level 8 of the Dungeon.
             The game lasted 00:19:11 (9643 turns).

Ninjinzu the Covered (Demonspawn Berserker)         Turns: 9643, Time: 00:19:12

Health: -2/103     AC:  7    Str: 21    XL:     9   Next: 28%
Magic:  9/9        EV: 12    Int:  9    God:    Trog [***...]
Gold:   448        SH:  5    Dex: 13    Spells: 8/8 levels left

rFire   . . .        C - +2 hand axe (freeze)
rCold   . . .        (no shield)
rNeg    + . .        c - +0 ring mail
rPois   .            (no helmet)
rElec   .            y - +0 cloak
rCorr   .            (no gloves)
SInv    .            (no boots)
Will    .....        q - amulet of reflection Stlth
                     o - ring of positive energy
HPRegen 0.37/turn    (no ring)
MPRegen 0.11/turn

%: reflection
@: mighty, berserking, lethally poisoned (-2 -> -38), very quick
A: hooves 1, demonic guardian 2, powered by pain 2
a: Renounce Religion, Berserk, Trog's Hand


You were on level 8 of the Dungeon.
You worshipped Trog.
Trog was most pleased with you.
You visited 2 branches of the dungeon, and saw 9 of its levels.

You collected 448 gold pieces.

Inventory:

Hand Weapons
 a - a +0 spear
 j - a +0 long sword
 C - a +2 hand axe of freezing (weapon)
 D - a +4 short sword
Armour
 b - a +0 animal skin
 c - a +0 ring mail (worn)
 y - a +0 cloak (worn)
Jewellery
 o - a ring of positive energy (left hand)
 q - an amulet of reflection (around neck)
 B - a ring of positive energy
Wands
 h - a wand of mindburst (18)
 x - a wand of quicksilver (6)
Scrolls
 e - a scroll of magic mapping {unknown}
 i - 3 scrolls of fog {unknown}
 m - 2 scrolls of fear
 p - 2 scrolls of vulnerability {unknown}
 r - 3 scrolls of identify {unknown}
 s - 3 scrolls of noise {unknown}
 t - a scroll of enchant weapon {unknown}
 u - a scroll of silence {unknown}
 z - a scroll of summoning {unknown}
 A - a scroll of immolation {unknown}
Potions
 d - a potion of magic
 f - 3 potions of lignification
 g - a potion of ambrosia
 k - 2 potions of flight {unknown}
 l - 3 potions of curing {unknown}
 n - a potion of brilliance {unknown}
 v - 2 potions of might {unknown}
 w - a potion of mutation {unknown}


   Skills:
 + Level 5.7 Fighting
 + Level 5.1 Long Blades
 + Level 4.0(4.6) Axes
 + Level 3.5(4.4) Polearms
 + Level 6.1 Armour
 + Level 4.3 Dodging
 + Level 1.4 Stealth
 + Level 2.0 Shields


You had 8 spell levels left.
You didn't know any spells.
Your spell library was empty.

Dungeon Overview and Level Annotations

Branches:
Dungeon (8/15)             Temple (1/1) D:6
   Lair: D:8-11

Altars:
Ashenzari
Cheibriados
Dithmenos
Fedhas
Gozag
Hepliaklqana
Makhleb
Nemelex Xobeh
Okawaru
Ru
Sif Muna
Trog
Uskayaw
Vehumet
Wu Jian
Xom
Yredelemnul

Annotations:
D:8 1 runed translucent door, sunglassesatnite's ghost, novice MiFi


Innate Abilities, Weirdness & Mutations

You have large cloven feet.
A demonic guardian rushes to your aid.
You sometimes gain power by taking damage.


Message History

You feel sick.
The gnoll sergeant hits you with a +5 spear of venom!
You focus on the pain.
You feel very mighty all of a sudden.
You are more poisoned.
You slash the gnoll sergeant! You freeze the gnoll sergeant.
Your kick misses the gnoll sergeant.
The gnoll sergeant is severely wounded.
You feel very sick.
You hear a shout!
The gnoll sergeant hits you with a +5 spear of venom!
You are lethally poisoned!
A red film seems to cover your vision as you go berserk!
You feel yourself moving faster!
You feel mighty!
* * * LOW HITPOINT WARNING * * *
You feel extremely sick. You block the gnoll sergeant's attack.
The gnoll hits you from afar with a +0 spear.
* * * LOW HITPOINT WARNING * * *
The gnoll sergeant blocks your attack.
You kick the gnoll sergeant, but do no damage.
The gnoll sergeant is severely wounded.
* * * LOW HITPOINT WARNING * * *
You feel very sick.
The gnoll sergeant hits you with a +5 spear of venom!
* * * LOW HITPOINT WARNING * * *
A demonic guardian appears!
You are more poisoned.
The gnoll hits you from afar with a +0 spear.
* * * LOW HITPOINT WARNING * * *
You slash the gnoll sergeant! You freeze the gnoll sergeant.
You feel the power of Trog in you as your rage grows.
You kill the gnoll sergeant!
Trog accepts your kill.
* * * LOW HITPOINT WARNING * * *
You feel extremely sick.
Your Axes skill increases to level 4!
You are too berserk!
You are too berserk!
You die...

#.#. #$g# #..#
#g.# #..# #..# .##
##########..#$..#.
......4.##g......#
#....@.)........
#######.######⌠...
..... #.# ###+#


.PPP #.# PW♣♣ .P. #.# .♣ .P #.# h . #.# #.# # #.. #.# #### You could see a gnoll
and a friendly rust devil (summoned).

Vanquished Creatures
  Grinder (D:3)
  An orc warrior (D:7)
  2 ice beasts
  A sky beast (D:8)
  2 ogres
  A centaur (D:7)
  A gnoll sergeant (D:8)
  A scorpion (D:6)
  8 wights (D:8)
  2 howler monkeys
  An orc priest (D:4)
  8 hounds
  A jelly (D:8)
  3 iguanas
  2 orc wizards
  A gnoll (D:8)
  9 adders
  2 shadow imps
  A white imp (D:7)
  4 worms
  2 dart slugs
  19 orcs
  6 ball pythons
  6 endoplasms
  11 goblins
  8 hobgoblins
  2 quokkas
  7 bats
  7 kobolds
  6 rats
126 creatures vanquished.

Vanquished Creatures (collateral kills)
  Prince Ribbit (D:7)
  A water moccasin (D:7)
  A jelly (D:6)
  An orc priest (D:7)
  An iguana (D:7)
  An orc wizard (D:7)
  3 orcs
9 creatures vanquished.

Grand Total: 135 creatures vanquished

Notes
Turn   | Place    | Note
-------+----------+-------------------------------------------
     0 | D:1      | Ninjinzu the Demonspawn Berserker began the quest for the
                  | Orb.
     0 | D:1      | Reached XP level 1. HP: 18/18 MP: 1/1
   245 | D:1      | Gained mutation: You sometimes gain a little power by
                  | taking damage. [demonic ancestry]
   245 | D:1      | Reached XP level 2. HP: 24/24 MP: 2/2
   855 | D:2      | Reached skill level 2 in Armour
   974 | D:2      | Gained mutation: You sometimes gain power by taking damage.
                  | [demonic ancestry]
   974 | D:2      | Reached XP level 3. HP: 29/29 MP: 3/3
  1403 | D:2      | Reached ** piety under Trog
  1476 | D:2      | Reached XP level 4. HP: 29/35 MP: 4/4
  1952 | D:3      | Found a broken altar of Ashenzari.
  1952 | D:3      | Found a shimmering blue altar of Sif Muna.
  2309 | D:3      | Noticed an ogre
  2509 | D:3      | Killed an ogre
  2510 | D:3      | Reached skill level 1 in Long Blades
  2510 | D:3      | Reached skill level 3 in Armour
  2510 | D:3      | Reached XP level 5. HP: 12/42 MP: 5/5
  2779 | D:3      | Found a faded altar of an unknown god.
  2786 | D:3      | Noticed Grinder
  2792 | D:3      | Killed Grinder
  2793 | D:3      | Gained mutation: A weak demonic guardian rushes to your
                  | aid. [demonic ancestry]
  2793 | D:3      | Reached XP level 6. HP: 48/48 MP: 6/6
  3491 | D:4      | Reached XP level 7. HP: 54/54 MP: 7/7
  4025 | D:4      | Found a sparkling altar of Nemelex Xobeh.
  4496 | D:5      | Entered Level 5 of the Dungeon
  4508 | D:5      | Reached skill level 4 in Armour
  5685 | D:5      | Reached skill level 1 in Stealth
  5928 | D:5      | Found a sacrificial altar of Ru.
  6344 | D:6      | Found a blossoming altar of Fedhas.
  6384 | D:6      | Found a hide-covered altar of Uskayaw.
  6427 | D:6      | Found a staircase to the Ecumenical Temple.
  6442 | D:6      | Gained mutation: A demonic guardian rushes to your aid.
                  | [demonic ancestry]
  6442 | D:6      | Reached XP level 8. HP: 61/61 MP: 8/8
  6450 | Temple   | Entered the Ecumenical Temple
  7316 | D:6      | Found a bloodstained altar of Trog.
  7601 | D:7      | Reached skill level 5 in Armour
  7612 | D:7      | Noticed Prince Ribbit
  7619 | D:7      | Reached skill level 5 in Fighting
  7619 | D:7      | Reached skill level 1 in Axes
  7627 | D:7      | Killed Prince Ribbit
  7628 | D:7      | Reached skill level 5 in Long Blades
  7628 | D:7      | Reached skill level 1 in Shields
  8262 | D:7      | HP: 4/94 [poisoned by a water moccasin]
  8881 | D:8      | Gained mutation: You have large cloven feet. [demonic
                  | ancestry]
  8881 | D:8      | Reached XP level 9. HP: 11/66 MP: 9/9
  9083 | D:8      | Reached *** piety under Trog
  9137 | D:8      | Reached skill level 6 in Armour
  9625 | D:8      | Found a runed translucent door.
  9627 | D:8      | Noticed sunglassesatnite's ghost (novice MiFi)
  9627 | D:8      | Noticed a polar bear
  9642 | D:8      | HP: 4/103 [poisoned by a gnoll sergeant]
  9643 | D:8      | Succumbed to a gnoll sergeant's poison

Illustrated notes

Levels and vault maps discovered:
D:1:      elethiomel_arrival_infinity_welcomes_careful_drivers, layout_basic
D:2:      layout_basic, chequers_hall_statues_y
D:3:      layout_basic, gammafunk_temple_overflow_wave,
          ebering_ecumenical_altar_hall, hangedman_decor_clover_reticule,
          hangedman_decor_opposing, uniq_grinder
D:4:      layout_layer_cave, nemelex_xobeh_ov_fountains_minmay
D:5:      layout_basic, lemuel_coloured_pillars_altar
D:6:      layout_loops_corners, nicolae_uskayaw_dance_hall,
          overflow_temple_1_default, trog_hazing_becter,
          minmay_temple_entry_trees, serial_glass, glass_columns_c,
          glass_columns_a, minivault_22
D:7:      layout_basic, uniq_prince_ribbit1
D:8:      layout_loops_ring, mainiacjoe_overflow_alcove_4,
          ebering_ghost_funeral_grove
Temple:   oiseaux_autumnal_temple

Skill      XL: |  1  2  3  4  5  6  7  8  9 |
---------------+----------------------------+-----
Dodging        | 2 3 4 |  4.3
Armour         | 2 3 4 5 6 |  6.1
Polearms       | 3 |  3.5
Long Blades    | 1 3 4 5 |  5.1
Fighting       | 4 5 |  5.7
Stealth        | 1 |  1.4
Axes           | 3 4 |  4.0
Shields        | 1 2 |  2.0

Action                     |  1- 3 |  4- 6 |  7- 9 || total
---------------------------+-------+-------+-------++-------
  Melee: Spear             |   105 |       |       ||   105
         Long sword        |    39 |   111 |   123 ||   273
         Punch             |       |     1 |     1 ||     2
         Hand axe          |       |       |   194 ||   194
         Kick              |       |       |    25 ||    25
 Invoke: Berserk           |       |     2 |     5 ||     7
    Use: Potion            |       |     2 |     4 ||     6
         Scroll            |       |     2 |     1 ||     3
   Stab: Sleeping          |     1 |       |     1 ||     2
 Armour: Animal skin       |     9 |       |       ||     9
         Ring mail         |    42 |    44 |    83 ||   169
  Dodge: Dodged            |    80 |    63 |   171 ||   314
  Block: Other             |       |       |    47 ||    47
         Reflection        |       |       |     1 ||     1
